 Dungeon Crawl Stone Soup version 0.21.1-1-g345015fe64 (webtiles) character file.

78 Kohma the Shield-Bearer (level 4, -8/29 HPs)
             Began as a Gargoyle Fighter on July 6, 2018.
             Mangled by an orc warrior
             ... wielding a +0 dire flail
              (17 damage)
             ... on level 3 of the Dungeon.
             The game lasted 00:06:16 (2443 turns).

Kohma the Shield-Bearer (Gargoyle Fighter)          Turns: 2443, Time: 00:06:17

Health: -8/29      AC: 10    Str: 26    XL:     4   Next: 36%
Magic:  4/4        EV: 10    Int:  8    God:
Gold:   146        SH:  4    Dex:  9    Spells: 3/3 levels left

rFire    . . .     SeeInvis .   a - +0 flail
rCold    . . .     Gourm    .   q - +0 buckler
rNeg     + . .     Faith    .   b - +0 scale mail
rPois    ∞         Spirit   .   (no helmet)
rElec    +         Reflect  .   (no cloak)
rCorr    .         Harm     .   (no gloves)
MR       .....                  (no boots)
Stlth    ..........             (no amulet)
HPRegen  0.09/turn              (no ring)
MPRegen  0.09/turn              (no ring)

@: mighty
A: negative energy resistance 1, electricity resistance, unbreathing,
petrification resistance, rot immunity, AC +3
a: no special abilities


You were on level 3 of the Dungeon.
You were not hungry.

You visited 1 branch of the dungeon, and saw 4 of its levels.

You collected 146 gold pieces.

Inventory:

Hand Weapons
 a - a +0 flail (weapon)
Missiles
 r - 17 bolts
Armour
 b - a +0 scale mail (worn)
 c - a +0 shield
 o - +1 ice dragon scales
 q - a +0 buckler (worn)
Jewellery
 m - an uncursed amulet of faith
Scrolls
 j - a scroll of blinking
 k - 5 scrolls of remove curse
Potions
 h - a potion of agility {unknown}
 l - a potion of invisibility {unknown}
 n - 2 potions of flight
 v - a potion of haste {unknown}
Comestibles
 f - 5 rations
 s - 4 chunks of flesh


   Skills:
 + Level 3.7 Fighting
 * Level 3.0 Maces & Flails
 + Level 3.7 Armour
 * Level 4.1 Shields


You had 3 spell levels left.
You didn't know any spells.

Dungeon Overview and Level Annotations

Branches:
Dungeon (4/15)
 Temple: D:4-7

Altars:
Ashenzari
Elyvilon
Makhleb
Trog
Vehumet
Wu Jian


Innate Abilities, Weirdness & Mutations

You are resistant to torment.
Your stone body is resilient. (AC +3)
You are immune to poison.
You resist negative energy. (rN+)
You are resistant to electric shocks. (rElec)
You can survive without breathing.
You are immune to petrification.
You are immune to rotting.


Message History

You hit the orc warrior but do no damage.
The orc warrior is severely wounded.
The orc warrior hits you with a dire flail!
You hit the orc warrior but do no damage.
The orc warrior is severely wounded.
The orc warrior hits you with a dire flail!
* * * LOW HITPOINT WARNING * * *
You feel much better. The orc warrior closely misses you.
Okay, then.
You hit the orc warrior.
The orc warrior is severely wounded.
The orc warrior closely misses you.
You closely miss the orc warrior.
The orc warrior is severely wounded.
The orc warrior hits you with a dire flail!!
Ouch! That really hurt!
You feel very mighty all of a sudden.
The orc warrior hits you with a dire flail!
Ouch! That really hurt!
You die...

.### #.# .# #.# .# #.# .# #.#
##### .###########.###...#
............>....#.###########
#########.##.###.._..........#
#.##.#####.#######.###
#.##...o@.......##.# ###
#.##########.......# ..## #.#
#.##.#..# #..# ###'###
#.##.#..# ##.# #.....#
#.##.#..# ...####.....#
#.##.#..# #..#........#
#(##.#..# #..#........#####
#.##.#..# #...............#
#.##.#..#


You could see an orc warrior.

Vanquished Creatures
  2 adders (D:2)
  An adder skeleton (D:4)
  A dart slug (D:1)
  4 leopard geckos (D:1)
  An orc (D:3)
  3 giant cockroaches
  6 goblins
  7 hobgoblins
  2 jackals (D:1)
  A quokka (D:3)
  2 ball pythons
  2 bats (D:2)
  5 frilled lizards
  4 kobolds
  11 rats
52 creatures vanquished.

Notes
Turn   | Place    | Note
-------+----------+-------------------------------------------
     0 | D:1      | Kohma the Gargoyle Fighter began the quest for the Orb.
     0 | D:1      | Reached XP level 1. HP: 14/14 MP: 1/1
   108 | D:1      | Reached XP level 2. HP: 18/19 MP: 2/2
   370 | D:1      | Reached XP level 3. HP: 22/23 MP: 3/3
   661 | D:2      | Found a radiant altar of Vehumet.
   664 | D:2      | Found a burning altar of Makhleb.
   991 | D:2      | Found an ornate altar of the Wu Jian Council.
  1060 | D:2      | Reached skill level 4 in Shields
  1060 | D:2      | Reached XP level 4. HP: 28/29 MP: 4/4
  1262 | D:2      | Found a bloodstained altar of Trog.
  1266 | D:2      | Found a white marble altar of Elyvilon.
  1694 | D:3      | Found a shattered altar of Ashenzari.
  2407 | D:4      | Noticed an orc warrior
  2433 | D:3      | HP: 1/29 [orc warrior/dire flail (9)]
  2443 | D:3      | Mangled by an orc warrior

Skill      XL: |  1  2  3  4 |
---------------+-------------+-----
Shields        | 4 |  4.1
Maces & Flails | 3 |  3.0
Fighting       | |  3.7
Armour         | |  3.7

Action                   |  1- 3 |  4- 6 || total
-------------------------+-------+-------++-------
Melee: Flail             |   162 |    59 ||   221
  Use: Scroll            |       |     9 ||     9
       Potion            |       |     3 ||     3
  Eat: Ration            |     1 |       ||     1
       Chunk             |       |     2 ||     2
Armor: Scale mail        |    96 |    29 ||   125
Dodge: Dodged            |    53 |    21 ||    74
Block: Shield            |    99 |       ||    99
       Buckler           |       |    15 ||    15
